AoeStats
← Eldomador

Arabia

510459095Analyzed
1v1 RM · 20h ago on Oct 1, 2026· 42m 45s· 2 players
Game mode
Random Map
Map size
Tiny (2 player)
Population
200
Speed
Normal
Resources
Standard
Victory
Conquest
Starting age
Dark Age
Ending age
Imperial Age
RankedLock teamsTeams togetherTeam positionsShared explorationLock speedFull tech treeHidden civsTurbo modeCheats
Victory
Defeat
🇦🇷 Vikings · Argentina
865
+14
🇦🇷 Koreans · Argentina
827
-14
Eldomador
10:49 Feudal Age
16:04 Castle Age
15:33 Double-Bit Axe
20:18 Loom
21:36 Stone Mining
21:37 Gold Mining
24:15 Wheelbarrow
23:26 Town Watch
24:02 Horse Collar
25:59 Fletching
26:34 Bow Saw
27:02 Hand Cart
26:37 Crossbowman
27:36 Town Patrol
27:52 Thumb Ring
29:35 Bodkin Arrow
37:14 Imperial Age
36:16 Ballistics
35:37 Treadmill Crane
37:59 Arbalester
38:50 Bracer
39:43 Shinkichon
39:45 Conscription
39:33 Elite War Wagon
Imperio Mamba
0:35 Loom
9:51 Feudal Age
10:18 Double-Bit Axe
14:00 Town Watch
14:35 Horse Collar
14:57 Gold Mining
18:29 Stone Mining
18:58 Forging
20:52 Castle Age
20:53 Scale Mail Armor
23:08 Squires
29:35 Heavy Plow
33:57 Imperial Age
35:30 Gold Shaft Mining
35:18 Ballistics
35:59 Chemistry
36:09 Scale Barding Armor
37:46 Iron Casting
38:17 Cavalier
43:26 Blast Furnace
42:46 Chain Barding Armor
Connection lost

Rejoining the realm…

Still unreachable

The connection could not be restored.

Session expired

The server has moved on; the page needs a fresh start.